 Dungeon Crawl Stone Soup version 0.25-a0-425-g0e000e855e (webtiles) character file.

Game seed: 2289008892357441350, levelgen mode: deterministic

3291 ReteAZ the Basher (level 10, -4/98 HPs)
             Began as an Ogre Arcane Marksman on Jan 24, 2020.
             Was a Follower of Qazlal.
             Slain by a sun demon (24 damage)
             ... summoned by the player character
             ... on level 8 of the Dungeon.
             The game lasted 00:17:12 (10429 turns).

ReteAZ the Basher (Ogre Arcane Marksman)           Turns: 10429, Time: 00:17:12

Health: -4/98      AC:  5    Str: 18    XL:     10   Next: 1%
Magic:  11/11      EV: 11    Int: 14    God:    Qazlal [*.....]
Gold:   416        SH:  1    Dex: 10    Spells: 10/11 levels left

rFire    . . .     SeeInvis +   D - +14 obsidian axe {vorpal, +Fly SInv *Curse} (curse)
rCold    . . .     Gourm    .   (no shield)
rNeg     . . .     Faith    .   a - +0 robe
rPois    .         Spirit   .   (helmet restricted)
rElec    .         Reflect  .   (no cloak)
rCorr    .         Harm     .   (gloves unavailable)
MR       ++...                  (boots unavailable)
Stlth    +.........             (no amulet)
HPRegen  0.26/turn              u - +3 ring of slaying
MPRegen  0.12/turn              F - +2 ring of slaying

@: mesmerised
A: large, unfitting armour, slimy green scales 1, magic resistance 1, tough skin
1
a: Renounce Religion, Evoke Flight


You were on level 8 of the Dungeon.
You worshipped Qazlal.
Qazlal was aware of your devotion.
You were very hungry.

You visited 2 branches of the dungeon, and saw 9 of its levels.

You collected 416 gold pieces.

Inventory:

Hand Weapons
 j - a +0 short sword
 m - a +0 whip of pain
 q - a +2 flail of protection
 y - a +1 giant spiked club
 D - the cursed +14 obsidian axe (weapon) {vorpal, +Fly SInv *Curse}
   (You took it off a kobold on level 6 of the Dungeon)

   It inflicts extra damage upon your enemies.
   It lets you see invisible.
   It lets you fly.
   It curses itself when equipped.
   It has a curse placed upon it.
Missiles
 c - 4 large rocks (quivered)
 d - 2 throwing nets
Armour
 a - a +0 robe (worn)
 B - a +0 buckler
Jewellery
 o - an uncursed amulet of magic regeneration {unknown}
 r - a -2 ring of strength
 u - a +3 ring of slaying (left hand)
 E - an uncursed ring of see invisible
 F - a +2 ring of slaying (right hand)
Wands
 h - a wand of flame (38)
 n - a wand of enslavement (10)
 G - a wand of polymorph (11)
 K - a wand of iceblast (9)
Scrolls
 g - 3 scrolls of enchant weapon
 i - 2 scrolls of magic mapping
 k - 5 scrolls of remove curse
 l - 2 scrolls of teleportation {unknown}
 p - 4 scrolls of fear {unknown}
 t - 2 scrolls of enchant armour {unknown}
 v - 4 scrolls of identify {unknown}
 w - a scroll of noise {unknown}
 z - 3 scrolls of immolation {unknown}
 I - a scroll of fog {unknown}
Potions
 b - a potion of flight {unknown}
 e - 3 potions of mutation
 s - a potion of lignification {unknown}
 x - 2 potions of brilliance {unknown}
 A - a potion of curing
 C - a potion of cancellation {unknown}
 H - a potion of agility {unknown}
Comestibles
 f - 11 rations


   Skills:
 + Level 6.3 Fighting
 * Level 4.9(8.4) Axes
 - Level 9.7(10.1) Maces & Flails
 - Level 2.0 Throwing
 + Level 2.7 Armour
 + Level 3.8 Dodging
 - Level 1.2 Spellcasting
 - Level 2.6 Hexes


You had 10 spell levels left.
You knew the following spells:

 Your Spells              Type           Power        Failure   Level  Hunger
a - Corona                Hex            #......      9%          1    ##.....

Your spell library contained the following spells:

 Spells                   Type           Power        Failure   Level  Hunger
 Slow                     Hex            #.......     13%         2    ###....
 Beastly Appendage        Tmut           #.....       26%         1    ##.....
 Summon Small Mammal      Summ           #...         26%         1    ##.....
 Call Imp                 Summ           #.......     36%         2    ###....
 Sticks to Snakes         Tmut           #.......     36%         2    ###....
 Inner Flame              Hex/Fire       #.......     41%         3    ####...
 Portal Projectile        Hex/Tloc       #.....       41%         3    ####...
 Summon Guardian Golem    Hex/Summ       #.......     41%         3    ####...
 Call Canine Familiar     Summ           #.......     61%         3    ####...
 Spider Form              Tmut/Pois      #.........   61%         3    ####...
 Cause Fear               Hex            #.........   65%         4    #####..
 Leda's Liquefaction      Hex/Erth       #.........   83%         4    #####..
 Ice Form                 Ice/Tmut       #.......     95%         4    #####..
 Summon Ice Beast         Ice/Summ       #.......     95%         4    #####..
 Summon Lightning Spire   Summ/Air       #.......     95%         4    #####..
 Blade Hands              Tmut           #.........   100%        5    ######.


Dungeon Overview and Level Annotations

Branches:
Dungeon (8/15)             Temple (1/1) D:6
   Lair: D:8-11

Altars:
Ashenzari
Dithmenos
Elyvilon
Fedhas
Gozag
Hepliaklqana
Kikubaaqudgha
Makhleb
Nemelex Xobeh
Okawaru
Qazlal
Ru
Sif Muna
Trog
Uskayaw
Wu Jian
Xom
Yredelemnul
Zin

Shops:
D:7 =


Innate Abilities, Weirdness & Mutations

You are too large for most types of armour.
You have tough skin. (AC +1)
You are partially covered in slimy green scales. (AC +2)
You are resistant to hostile enchantments. (MR+)


Message History

You are feeling very hungry.
You barely miss the sun demon.
Your soul eater hits the sun demon!!
The sun demon hits you.
You are engulfed in flames!
Your soul eater hits the sun demon.
You barely miss the sun demon.
The sun demon is heavily wounded.
The sun demon completely misses you.
A leopard gecko comes into view.
The sun demon hits you!
You are engulfed in flames!
Your soul eater hits the sun demon.
You completely miss the sun demon.
The sun demon is heavily wounded.
The sun demon misses you.
Your soul eater hits the sun demon!
You slash the sun demon!
The sun demon is severely wounded.
The sun demon hits you!!
You are engulfed in flames!
* * * LOW HITPOINT WARNING * * *
Your soul eater closely misses the sun demon.
The sun demon hits you!!
You die...

#######
.......##
........########
........>.......
.......<........
................
?......°.3!.....
.......)@3...l..
........#.......
................
###.............
##............
#.... .......
..... .......
...... ..##...


You could see a sun demon, a leopard gecko and a friendly soul eater.

Vanquished Creatures
  Joseph (D:7)
  Grinder (D:5)
  3 hippogriffs (D:7)
  Edmund (D:5)
  2 sky beasts
  4 ice beasts
  A hornet zombie (D:6)
  3 ogres
  A necrophage (D:5)
  A centaur (D:6)
  3 big kobolds
  A bullfrog (D:5)
  A scorpion (D:5)
  2 howler monkeys
  A crimson imp (D:6)
  2 iguanas
  3 jellies
  3 bullfrog skeletons
  Jessica (D:3)
  Natasha (D:4)
  An orc wizard (D:7)
  3 worker ants
  A hound zombie (D:6)
  2 worker ant zombies (D:5)
  Robin (D:4)
  4 gnolls (D:5)
  10 adders
  A shadow imp (D:6)
  An adder skeleton (D:7)
  4 worms
  A dart slug (D:1)
  2 leopard geckos
  9 orcs
  5 bats
  8 giant cockroaches
  24 goblins
  8 hobgoblins
  2 jackals (D:4)
  3 quokkas
  6 frilled lizards
  16 kobolds
  A quokka skeleton (D:5)
  8 rats
157 creatures vanquished.

Notes
Turn   | Place    | Note
-------+----------+-------------------------------------------
     0 | D:1      | ReteAZ the Ogre Arcane Marksman began the quest for the
                  | Orb.
     0 | D:1      | Reached XP level 1. HP: 19/19 MP: 2/2
   547 | D:1      | Reached XP level 2. HP: 21/29 MP: 3/3
  1211 | D:2      | Reached XP level 3. HP: 37/37 MP: 4/4
  1255 | D:2      | Reached skill level 1 in Maces & Flails
  1481 | D:2      | Found a sparkling altar of Nemelex Xobeh.
  1481 | D:2      | Found an opulent altar of Gozag.
  1715 | D:2      | Found a shadowy altar of Dithmenos.
  2166 | D:2      | HP: 1/37 [rat (3)]
  2167 | D:2      | Gained mutation: You are resistant to hostile enchantments.
                  | (MR+) [potion of mutation]
  2167 | D:2      | Gained mutation: You are partially covered in slimy green
                  | scales. (AC +2) [potion of mutation]
  2301 | D:2      | Reached XP level 4. HP: 31/46 MP: 5/5
  2420 | D:2      | Reached skill level 2 in Maces & Flails
  3203 | D:3      | Noticed Jessica
  3209 | D:3      | Killed Jessica
  3298 | D:3      | Reached XP level 5. HP: 38/54 MP: 6/6
  3483 | D:3      | Reached skill level 3 in Maces & Flails
  4098 | D:4      | Found a blossoming altar of Fedhas.
  4106 | D:4      | Noticed an ogre
  4121 | D:4      | Killed an ogre
  4121 | D:4      | Reached skill level 4 in Maces & Flails
  4121 | D:4      | Reached XP level 6. HP: 61/62 MP: 7/7
  4197 | D:4      | Noticed Robin
  4203 | D:4      | Noticed Natasha
  4840 | D:4      | Killed Natasha
  5006 | D:4      | Reached skill level 5 in Maces & Flails
  5060 | D:5      | Entered Level 5 of the Dungeon
  5339 | D:4      | Found a blossoming altar of Fedhas.
  5350 | D:4      | Killed Robin
  6029 | D:5      | Noticed a necrophage
  6033 | D:5      | Killed a necrophage
  6033 | D:5      | Reached XP level 7. HP: 66/70 MP: 8/8
  6075 | D:5      | Reached skill level 6 in Maces & Flails
  6807 | D:5      | Noticed Edmund
  6820 | D:5      | Killed Edmund
  6820 | D:5      | Reached skill level 7 in Maces & Flails
  6839 | D:5      | Reached XP level 8. HP: 53/78 MP: 9/9
  6965 | D:5      | Noticed Grinder
  7014 | D:5      | Killed Grinder
  7014 | D:5      | Reached skill level 8 in Maces & Flails
  7483 | D:6      | Found a hide-covered altar of Uskayaw.
  7817 | D:6      | Found a staircase to the Ecumenical Temple.
  7832 | Temple   | Entered the Ecumenical Temple
  7934 | Temple   | Became a worshipper of Qazlal Stormbringer
  8048 | D:6      | Reached skill level 9 in Maces & Flails
  8263 | D:6      | Reached XP level 9. HP: 49/84 MP: 10/10
  8772 | D:6      | Reached skill level 1 in Axes
  8957 | D:7      | Found Keotagg's Jewellery Shoppe.
  8962 | D:7      | Reached skill level 1 in Armour
  9180 | D:7      | Noticed Joseph
  9190 | D:7      | Killed Joseph
  9190 | D:7      | Reached skill level 5 in Fighting
  9560 | D:7      | Reached * piety under Qazlal
 10421 | D:8      | Noticed a sun demon
 10424 | D:8      | Reached XP level 10. HP: 91/98 MP: 11/11
 10429 | D:8      | Slain by a sun demon

Levels and vault maps discovered:
D:1:      dpeg_arrival_three_smaller_balls, layout_loops_ring
D:2:      layout_basic, grunt_temple_overflow_opulence,
          nicolae_dithmenos_through_a_glass_darkly, minivault_19
D:3:      layout_basic, first_ration, minmay_crystal_room,
          minmay_misc_feat_roman, uniq_jessica
D:4:      minmay_polygon_palace, layout_rooms, fedhas_altar_3, uniq_robin,
          uniq_natasha
D:5:      layout_loops_ring, minmay_misc_feat_plants, uniq_edmund, uniq_grinder
D:6:      cheibrodos_thug_alley, layout_loops_corners,
          nicolae_overflow_hidden_temple, minmay_temple_entry_overgrown
D:7:      layout_basic, serial_shops, shop_fountains, uniq_joseph
D:8:      layout_rooms, slow_altar_2, serial_shops, shop, grunt_livestock
Temple:   eino_temple_lava

Skill      XL: |  1  2  3  4  5  6  7  8  9 |
---------------+----------------------------+-----
Dodging        | 2 3 |  3.8
Fighting       | 2 3 4 6 |  6.3
Maces & Flails | 1 2 4 5 7 9 |  9.7
Axes           | 4 |  4.9
Armour         | 2 |  2.7
Throwing       | |  2.0
Spellcasting   | |  1.2
Hexes          | |  2.6

Action                   |  1- 3 |  4- 6 |  7- 9 | 10-12 || total
-------------------------+-------+-------+-------+-------++-------
Melee: Unarmed           |    45 |       |       |       ||    45
       Short sword       |    23 |       |       |       ||    23
       Whip              |   105 |   168 |       |       ||   273
       Giant spiked club |       |    74 |   105 |       ||   179
       Broad axe         |       |       |    47 |     4 ||    51
Throw: Large rock        |     8 |    23 |     5 |       ||    36
       Throwing net      |       |     2 |       |       ||     2
Evoke: Wand              |       |       |     1 |       ||     1
  Use: Potion            |     2 |     4 |     3 |       ||     9
       Scroll            |       |     2 |     1 |       ||     3
 Stab: Held in net/web   |       |     1 |       |       ||     1
       Distracted        |       |     1 |       |       ||     1
  Eat: Chunk             |     4 |    12 |    10 |       ||    26
       Ration            |       |       |     1 |       ||     1
Armor: Robe              |    45 |    84 |    34 |       ||   163
Dodge: Dodged            |    92 |   157 |    78 |     2 ||   329

Table legend:
 A = Non-vault XP
 B = Vault XP
 C = Vault XP percentage of total XP
 D = Non-vault monster count
 E = Vault monster count
 F = Vault count percentage of total count
                 A         B        C        D         E       F
            +---------+---------+-------+---------+---------+-------
      Total |    3503 |    1199 |  25.5 |     129 |      28 |  17.8
            +---------+---------+-------+---------+---------+-------
        D:1 |      33 |       0 |   0.0 |      18 |       0 |   0.0
        D:2 |      68 |       0 |   0.0 |      19 |       0 |   0.0
        D:3 |     148 |      37 |  20.0 |      27 |       1 |   3.6
        D:4 |     176 |      71 |  28.7 |       9 |      13 |  59.1
        D:5 |     537 |     447 |  45.4 |      18 |       2 |  10.0
        D:6 |     789 |     210 |  21.0 |      11 |      11 |  50.0
        D:7 |    1287 |     434 |  25.2 |      17 |       1 |   5.6
        D:8 |     465 |       0 |   0.0 |      10 |       0 |   0.0
            +---------+---------+-------+---------+---------+-------
